Map: Goldenaura LE

Players

RomeoBlue - Winner!

  • Race: Terran Terran
  • League: Bronze
  • Spawn Location: 5:00

Jeremy

  • Race: Terran Terran
  • Spawn Location: 12:00

VOD

Have the link to the VOD?

Description

Time

  • Played on: April 21, 2024, 5:12 p.m.
  • Length: 29:07
Show
View Real Time Build Order
Export as new Build Order

RomeoBlue Terran - Winner!

Build Orders:  

Get SALT Encoding   

  12  0:01  SCV  
  13  0:19  SCV  
  14  0:21  Supply Depot  
  14  0:26  Refinery  
  14  0:31  SCV  
  15  0:47  Barracks  
  15  0:49  SCV  
  16  1:01  SCV  
  17  1:04  Refinery  
  17  1:13  SCV  
  18  1:26  SCV  
  19  1:37  Marine  
  20  1:47  Command Center  
  20  1:58  Marine  
  21  2:07  Engineering Bay  
  21  2:23  Barracks Tech Lab  
  21  2:29  SCV  
  22  2:30  Supply Depot x2  
  22  2:41  SCV  
  23  2:45  Factory  
  23  2:51  Marine  
  24  3:00  Supply Depot  
  24  3:03  Supply Depot  
  24  3:11  Marine  
  25  3:14  SCV  
  26  3:26  Orbital Command  
  26  3:29  SCV, Marine  
  28  3:39  Factory Tech Lab  
  28  3:48  SCV  
  29  4:00  SCV  
  29  4:02  Marine  
  31  4:14  Orbital Command  
  31  4:16  SCV  
  32  4:19  Marine  
  33  4:28  SCV  
  33  4:30  Barracks  
  34  4:40  SCV  
  34  4:43  SCV  
  36  4:52  SCV, Refinery  
  37  4:55  SCV  
  37  4:58  Siege Tank  
  41  5:04  SCV  
  42  5:07  SCV  
  43  5:18  Refinery  
  43  5:23  SCV x2  
  43  5:27  Combat Shield  
  45  5:30  Siege Tank  
  45  5:35  SCV x2  
  50  5:47  SCV x2  
  52  6:08  Command Center  
  52  6:42  Supply Depot x2  
  52  6:46  Marine  
  53  6:52  Terran Infantry Weapons Level 1  
  53  6:57  SCV  
  53  6:58  SCV  
  55  7:04  Marine  
  55  7:07  Supply Depot x2  
  56  7:10  SCV x2  
  56  7:12  Starport  
  58  7:21  Siege Tank  
  58  7:22  Marine, SCV x2  
  64  7:40  Starport  
  64  7:47  Factory  
  64  7:48  SCV  
  65  7:53  Siege Tank  
  65  7:56  Orbital Command  
  68  8:25  Widow Mine  
  70  8:39  SCV x2  
  70  8:40  SCV  
  73  8:57  Marauder  
  75  9:06  Medivac  
  77  9:19  Marauder  
  79  9:35  Medivac  
  81  9:39  Marine  
  81  9:43  Siege Tank  
  85  9:55  Starport  
  85  9:57  Marine  
  86  10:03  Terran Infantry Armor Level 1  
  86  10:04  Stimpack  
  86  10:05  Viking, Armory  
  88  10:10  Factory Reactor  
  88  10:15  Siege Tank  
  88  10:20  Barracks Reactor  
  91  10:35  Viking  
  93  10:48  Supply Depot  
  93  11:10  Supply Depot x2  
  93  11:28  Thor  
  99  11:32  Supply Depot  
  99  11:34  Supply Depot  
  99  12:11  Thor  
  105  12:18  Missile Turret, Refinery  
  105  12:19  SCV x2  
  105  12:20  SCV  
  108  12:30  Marine  
  108  12:31  Marine  
  108  12:33  Marauder  
  112  12:41  Missile Turret, Refinery  
  112  12:42  Medivac  
  114  12:44  Starport Tech Lab  
  114  12:48  Marine x2  
  116  12:54  Siege Tank, Marauder  
  121  13:26  Siege Tank  
  124  13:42  Missile Turret  
  124  13:55  Widow Mine x2  
  128  14:02  Missile Turret  
  128  14:05  Starport Reactor  
  128  14:08  Liberator  
  131  14:12  Marine x2  
  131  14:14  Marauder  
  135  14:20  Thor  
  135  14:23  Missile Turret  
  141  14:30  Marine x2  
  143  14:36  Marauder  
  145  14:47  Missile Turret  
  145  14:49  Missile Turret  
  145  14:50  Liberator  
  146  15:03  Thor  
  152  15:33  Medivac  
  152  15:34  Supply Depot  
  154  15:57  Supply Depot  
  154  16:03  Medivac  
  156  16:20  Supply Depot  
  126  16:39  Thor  
  80  16:55  Marine x2, Marauder  
  80  17:00  Banshee  
  87  17:13  Marine x2  
  89  17:16  Marauder  
  89  17:22  Thor  
  91  17:25  Factory  
  91  17:29  Starport  
  97  17:41  Marauder  
  97  17:43  Banshee, Marine x2  
  104  18:00  Marine  
  104  18:01  Terran Infantry Weapons Level 2, Marine  
  104  18:03  Marauder  
  104  18:04  Terran Vehicle Weapons Level 1  
  104  18:05  Thor  
  114  18:15  Cloaking Field  
  114  18:26  Banshee  
  110  18:36  Marine x3  
  107  18:48  Thor  
  101  18:53  Marine  
  101  18:54  Marauder  
  104  19:02  Supply Depot  
  104  19:09  Banshee, Command Center  
  107  19:16  Starport Tech Lab, Marauder  
  109  19:18  Factory Tech Lab  
  109  19:30  Liberator  
  109  19:31  Thor, Liberator  
  121  19:52  Banshee  
  124  19:58  Terran Vehicle And Ship Armor Level 1  
  124  20:04  Marauder  
  124  20:06  Thor  
  132  20:08  Banshee  
  132  20:13  Thor  
  141  20:17  Terran Infantry Armor Level 2, Hyperflight Rotors  
  141  20:26  Marauder  
  143  20:34  Banshee  
  146  20:45  Liberator  
  146  20:46  Liberator  
  146  20:49  Thor  
  158  20:51  Banshee  
  158  20:56  Thor  
  167  21:17  Banshee  
  170  21:32  Siege Tank  
  173  21:34  Banshee  
  173  21:39  Siege Tank  
  179  22:00  Banshee  
  182  22:04  Siege Tank  
  185  22:11  Siege Tank  
  188  22:17  Banshee  
  191  22:43  Banshee  
Show
View Real Time Build Order
Export as new Build Order

Jeremy Terran 

Build Orders:  

Get SALT Encoding   

  12  0:08  SCV  
  13  0:20  SCV  
  14  0:25  Supply Depot  
  14  0:32  SCV  
  15  0:47  SCV  
  16  0:59  SCV  
  16  1:03  Supply Depot  
  17  1:11  SCV  
  18  1:23  SCV  
  19  1:27  Supply Depot  
  19  1:35  SCV  
  20  1:47  SCV  
  21  1:55  Barracks  
  21  1:56  Command Center  
  21  2:04  Refinery  
  21  2:49  Supply Depot, Marine  
  22  3:02  SCV  
  23  3:07  Marine  
  23  3:12  SCV  
  25  3:24  Marine, SCV  
  27  3:32  Barracks  
  27  3:36  SCV  
  28  3:42  Marine  
  28  3:48  SCV  
  30  4:00  Marine, SCV  
  32  4:12  SCV  
  33  4:18  Marine  
  34  4:24  SCV  
  35  4:32  Barracks Reactor  
  35  4:34  Factory  
  35  4:36  SCV, Marine  
  37  4:48  SCV  
  38  4:54  Marine  
  39  5:01  SCV  
  40  5:10  Marine x2  
  40  5:11  Marine  
  40  5:13  SCV  
  44  5:25  SCV  
  44  5:27  Factory Tech Lab, Marine  
  44  5:28  Marine  
  47  5:29  Marine  
  48  5:37  SCV  
  48  5:38  Starport  
  49  5:45  Marine x2  
  49  5:47  Siege Tank, Marine  
  49  5:49  SCV  
  56  5:57  Refinery  
  56  6:00  SCV  
  56  6:01  SCV  
  56  6:03  Marine x2  
  60  6:05  Marine  
  61  6:12  SCV  
  62  6:40  Refinery  
  62  6:47  Refinery  
  62  6:59  Supply Depot  
  62  7:09  Supply Depot  
  62  7:20  Siege Tank, SCV x2, Marine x3  
  70  7:28  Supply Depot  
  70  7:32  SCV x2  
  70  7:33  Supply Depot  
  72  7:38  Marine x3  
  75  7:44  SCV  
  75  7:45  SCV  
  77  7:52  Siege Tank  
  77  7:56  Marine x3  
  77  7:57  SCV x2  
  77  7:58  Supply Depot  
  85  8:01  Supply Depot  
  85  8:05  Medivac  
  87  8:13  Marine x3  
  87  8:15  SCV  
  91  8:24  Siege Tank  
  94  8:27  SCV  
  94  8:28  Supply Depot  
  94  8:31  Supply Depot, Marine x3  
  98  8:38  Supply Depot  
  98  8:49  Marine x3  
  98  8:53  Medivac  
  103  8:57  Siege Tank  
  103  9:01  Supply Depot  
  106  9:04  Supply Depot  
  106  9:07  Supply Depot, Marine x3  
  109  9:23  Medivac  
  111  9:25  Marine x3  
  111  9:29  Siege Tank  
  111  9:30  Supply Depot  
  117  9:31  Supply Depot  
  117  9:35  Supply Depot  
  117  9:42  Marine x3  
  120  9:53  Medivac  
  122  10:00  Marine x3  
  122  10:01  Siege Tank  
  122  10:04  Supply Depot  
  122  10:06  Supply Depot  
  128  10:08  Supply Depot  
  128  10:18  Marine x3  
  130  10:33  Siege Tank  
  133  10:36  Marine x3  
  136  10:46  Supply Depot  
  136  10:52  Barracks  
  136  10:54  Marine x3  
  139  11:02  Factory  
  139  11:05  Siege Tank  
  142  11:12  Marine x3  
  145  11:23  Medivac  
  147  11:29  Marine x3  
  139  11:37  Siege Tank  
  98  11:47  Marine x3  
  98  11:53  Medivac  
  100  11:55  Marine  
  101  12:05  Marine x3  
  104  12:09  Siege Tank  
  104  12:11  Factory Tech Lab  
  104  12:13  Marine  
  108  12:23  Marine x3  
  111  12:31  Marine  
  112  12:41  Siege Tank, Marine x3  
  118  12:49  Marine  
  119  12:53  Command Center  
  119  12:58  Marine  
  120  13:06  Engineering Bay  
  120  13:07  Marine  
  121  13:13  Siege Tank  
  121  13:16  Marine  
  121  13:19  Marine x2  
  127  13:30  Siege Tank  
  130  13:34  Marine  
  130  13:37  Marine x2  
  133  13:45  Siege Tank  
  136  13:50  Marine  
  136  13:52  Medivac, Marine  
  136  13:54  Marine x2  
  142  14:02  Siege Tank  
  145  14:08  Marine  
  146  14:10  Marine  
  146  14:12  Marine x2  
  149  14:18  Siege Tank, Missile Turret  
  149  14:21  SCV  
  149  14:22  Medivac  
  155  14:25  Marine  
  155  14:27  Missile Turret, Marine  
  155  14:30  Marine x2  
  159  14:32  Refinery  
  159  14:33  SCV  
  159  14:34  Siege Tank  
  163  14:43  Marine  
  164  14:45  SCV, Marine  
  164  14:50  Siege Tank  
  169  14:58  SCV  
  168  15:01  Marine  
  168  15:06  Siege Tank  
  172  15:08  Missile Turret  
  172  15:10  SCV  
  167  15:20  Missile Turret  
  167  15:22  Siege Tank  
  167  15:25  SCV  
  171  15:38  Siege Tank, SCV  
  175  15:50  SCV  
  175  15:54  Siege Tank  
  179  16:02  SCV  
  179  16:14  SCV  
  179  16:17  Supply Depot  
  122  16:50  Marine  
  122  16:53  Marine x2  
  125  16:56  Siege Tank  
  125  16:58  Marine  
  125  17:01  Siege Tank  
  132  17:03  Medivac  
  132  17:08  Marine, SCV  
  135  17:10  Marine x2  
  138  17:16  Marine  
  138  17:18  Refinery  
  138  17:20  SCV  
  140  17:26  Marine  
  140  17:28  Siege Tank, Marine x2  
  146  17:32  SCV  
  146  17:33  Siege Tank, Medivac  
  146  17:34  Marine  
  153  17:37  Supply Depot  
  153  17:44  SCV, Marine  
  153  17:46  Marine x2  
  157  17:51  Marine  
  157  17:56  SCV  
  159  18:00  Siege Tank  
  159  18:02  Marine  
  159  18:03  Medivac  
  159  18:05  Siege Tank  
  168  18:09  Marine  
  168  18:10  SCV  
  170  18:22  SCV  
  161  18:32  Siege Tank  
  135  18:34  SCV  
  135  18:37  Siege Tank  
  107  18:46  SCV  
  84  18:59  SCV  
  84  19:00  Marine  
  86  19:03  Marine x2  
  86  19:04  Siege Tank  
  86  19:09  Siege Tank  
  94  19:11  SCV  
  94  19:13  Marine  
  96  19:18  Marine  
  96  19:21  Marine x2  
  99  19:27  Supply Depot  
  99  19:30  Marine  
  100  19:35  Supply Depot  
  100  19:36  Marine  
  100  19:37  Siege Tank  
  104  19:38  Missile Turret  
  104  19:39  Marine x2  
  104  19:41  Siege Tank  
  104  19:44  Missile Turret  
  109  19:48  Marine  
  110  19:54  Marine  
  110  19:57  Marine x2  
  113  20:03  Orbital Command  
  113  20:06  Marine  
  114  20:09  Siege Tank  
  114  20:11  Marine  
  114  20:13  Siege Tank  
  121  20:20  Armory  
  121  20:24  Marine  
  121  20:26  Marine x2  
  124  20:29  Marine  
  125  20:41  Siege Tank  
  125  20:42  Marine  
  129  20:44  Marine x2  
  129  20:45  Siege Tank  
  129  20:47  Marine  
  135  21:00  Marine  
  135  21:02  Marine x2  
  138  21:04  Barracks  
  138  21:05  Marine  
  138  21:10  Barracks  
  139  21:13  Siege Tank  
  139  21:17  Siege Tank, Marine  
  146  21:19  Command Center  
  146  21:20  Marine x2  
  146  21:23  Marine  
  149  21:37  Marine  
  149  21:38  Marine  
  151  21:41  Marine  
  151  21:45  Siege Tank  
  155  21:47  Supply Depot  
  155  21:49  Siege Tank  
  156  21:55  Marine x2  
  156  21:58  Marine  
  135  22:16  Marine  
  135  22:17  Siege Tank  
  40  23:51  Barracks Tech Lab  
  39  24:07  Barracks Reactor  
  32  24:37  Barracks  
  5  25:23  Command Center  
  2  27:25  Barracks  
  2  27:26  SCV  
  3  27:38  SCV  
  4  27:50  SCV  
  4  28:02  SCV  
  4  28:04  Supply Depot  
  5  28:14  SCV  
  5  28:16  Barracks Reactor  
  6  28:26  SCV  
  7  28:38  SCV  
  8  28:50  Barracks  
Tags
 
League
Bronze
Matchup
TvT
Race
Terran
Spawn Locations
Cross Positions
Add a new tag
Caveats
  • Supply blocks, unpowered buildings, or Contaminate may cause inaccurate times.
  • Supply counts are checked every 10 seconds.